 Dungeon Crawl Stone Soup version 0.28.0 (webtiles) character file.

Game seed: 4343916290289509652

5894 crazypyro the Grappler (level 10, -18/81 HPs)
             Began as a Ghoul Monk on Feb 10, 2022.
             Was an Elder of Okawaru.
             Demolished by a two-headed ogre (21 damage)
             ... on level 9 of the Dungeon.
             The game lasted 00:08:39 (8981 turns).

crazypyro the Grappler (Ghoul Monk)                 Turns: 8981, Time: 00:08:40

Health: -18/81     AC: 11    Str: 20    XL:     10   Next: 82%
Magic:  11/13      EV: 17    Int:  5    God:    Okawaru [****..]
Gold:   525        SH:  0    Dex: 17    Spells: 9/9 levels left

rFire   . . .      SeeInvis .     - Unarmed
rCold   + . .      Faith    .   (no shield)
rNeg    + + +      Spirit   .   w - +3 leather armour
rPois   ∞          Reflect  .   l - +0 helmet
rElec   .          Harm     .   e - +1 cloak
rCorr   .          Rampage  .   (no gloves)
Will    .....                   (no boots)
Stlth   ++++......              (no amulet)
HPRegen 0.00/turn               k - ring of wizardry
MPRegen 0.13/turn               x - +6 ring of dexterity

@: heroic, inhibited regen
A: claws 1, cold resistance 1, negative energy resistance 3, inhibited
regeneration, torment resistance 2
a: Renounce Religion, Heroism, Finesse


You were on level 9 of the Dungeon.
You worshipped Okawaru.
Okawaru was greatly pleased with you.
You visited 2 branches of the dungeon, and saw 10 of its levels.

You collected 525 gold pieces.

Inventory:

Armour
 a - a +0 robe
 e - a +1 cloak (worn)
 g - a +0 scale mail
 j - a +0 leather armour
 l - a +0 helmet (worn)
 w - a +3 leather armour (worn)
Jewellery
 k - a ring of wizardry (left claw)
 u - an amulet of faith
 x - a +6 ring of dexterity (right claw)
Wands
 n - a wand of flame (32)
 A - a wand of mindburst (8)
Scrolls
 c - 8 scrolls of identify {unknown}
 d - 2 scrolls of teleportation {unknown}
 i - a scroll of immolation {unknown}
 o - 3 scrolls of amnesia {unknown}
 p - 2 scrolls of magic mapping
 q - a scroll of vulnerability {unknown}
 r - a scroll of noise {unknown}
 t - a scroll of enchant weapon
 v - a scroll of fear {unknown}
 y - a scroll of fog
 z - a scroll of enchant armour {unknown}
Potions
 b - 3 potions of attraction {unknown}
 f - 4 potions of heal wounds
 h - 2 potions of curing
 m - a potion of lignification {unknown}
 s - a potion of brilliance {unknown}


   Skills:
 - Level 5.2(10.2) Fighting
 - Level 6.4(11.4) Armour
 - Level 4.3(9.3) Dodging
 - Level 4.0(9.0) Stealth
 + Level 13.1(18.1) Unarmed Combat
 * Level 5.8 Invocations


You had 9 spell levels left.
You didn't know any spells.
Your spell library contained the following spells:

 Spells                   Type           Power      Damage    Failure   Level
 Blink                    Tloc           0%         N/A       32%         2
 Gell's Gravitas          Tloc           0%         N/A       54%         3
 Ignite Poison            Fire/Tmut/Pois 0%         N/A       54%         3
 Lesser Beckoning         Tloc           0%         N/A       54%         3
 Mephitic Cloud           Conj/Pois/Air  0%         N/A       54%         3
 Ozocubu's Armour         Ice            0%         N/A       54%         3
 Teleport Other           Tloc           0%         N/A       54%         3
 Fireball                 Conj/Fire      0%         3d3       99%         5
 Freezing Cloud           Conj/Ice/Air   0%         6-21      99%         5
 Iskenderun's Battlesphe  Conj           0%         2d6       99%         5
 Manifold Assault         Tloc           0%         N/A       99%         5
 Conjure Ball Lightning   Conj/Air       0%         3x3d6     100%        6
 Dispersal                Tloc           0%         N/A       100%        6
 Orb of Destruction       Conj           0%         9d5       100%        7
 Summon Ice Beast         Ice/Summ       Unusable   N/A       N/A         4
 Summon Forest            Summ/Tloc      Unusable   N/A       N/A         5

Dungeon Overview and Level Annotations

Branches:
Dungeon (9/15)             Temple (1/1) D:4            Lair (0/6) D:9
    Orc: D:9-12

Altars:
Ashenzari
Fedhas
Gozag
Hepliaklqana
Kikubaaqudgha
Makhleb
Okawaru
Qazlal
Ru
Sif Muna
Trog
Vehumet
Wu Jian
Xom
Yredelemnul
Zin


Innate Abilities, Weirdness & Mutations

You thrive by killing the living.
You are immune to poison.
You have sharp fingernails.
Your flesh is cold resistant. (rC+)
You are immune to negative energy. (rN+++)
You do not regenerate when monsters are visible.
You are immune to unholy pain and torment.


Message History

The two-headed ogre is severely wounded.
You scratch the two-headed ogre.
The two-headed ogre is severely wounded.
The two-headed ogre closely misses you. The two-headed ogre barely misses you.
You claw the two-headed ogre!
The two-headed ogre is almost dead.
The two-headed ogre misses you.
The two-headed ogre hits you with a +0 giant club!
You claw the two-headed ogre!
You kill the two-headed ogre!
Okawaru is honoured by your kill.
You feel better.
Your Unarmed Combat skill increases to level 13!
Your Invocations skill increases to level 5!
Things that are here:
a +0 giant club; a +0 giant club; a two-headed ogre corpse A two-headed ogre comes into view.
It is wielding a +0 giant spiked club and a +0 giant club.
A two-headed ogre is nearby!
There is an open door here.
You gain the combat prowess of a mighty hero.
The two-headed ogre shouts in stereo!
The two-headed ogre hits you with a +0 giant spiked club!!
The two-headed ogre misses you.
You are too injured to fight recklessly!
You are too injured to fight recklessly!
You are too injured to fight recklessly!
You are too injured to fight recklessly!
You claw the two-headed ogre!
The two-headed ogre is moderately wounded.
The two-headed ogre hits you with a +0 giant spiked club.
* * * LOW HITPOINT WARNING * * *
The two-headed ogre hits you with a +0 giant club!!
* * * LOW HITPOINT WARNING * * *
You claw the two-headed ogre!
You claw the two-headed ogre, but do no damage.
The two-headed ogre is heavily wounded.
You scratch the two-headed ogre but do no damage.
The two-headed ogre is heavily wounded.
The two-headed ogre hits you with a +0 giant spiked club!!
You die...

#'##################
#......)'.@O.'......
#.......#.).)#....
#.......#)...# .
###########''''#####
.................... .
≈≈≈≈≈≈≈≈≈≈≈≈.)..≈≈≈≈≈
#
≈≈≈≈≈≈≈≈≈≈≈≈....≈≈≈≈≈≈
≈
≈≈≈≈≈≈≈≈≈≈≈≈....≈≈≈≈≈≈
≈
..........))..........
.


You could see a two-headed ogre.

Vanquished Creatures
  A two-headed ogre (D:9)
  Maggie (D:7)
  A troll (D:5)
  Grinder (D:4)
  5 yaks (D:8)
  A wyvern (D:9)
  A steam dragon (D:6)
  2 wargs (D:9)
  An acid dragon (D:8)
  3 water moccasins
  A sky beast (D:6)
  A black bear (D:5)
  A hornet zombie (D:6)
  3 ice beasts
  2 orc warriors
  A centaur (D:6)
  A phantom (D:6)
  3 kobold brigands
  A bullfrog (D:9)
  A gnoll sergeant (D:9)
  2 scorpions (D:6)
  A water moccasin zombie (D:6)
  5 killer bees
  4 wights (D:9)
  A water moccasin skeleton (D:7)
  7 howler monkeys
  An electric eel (D:7)
  3 centaur zombies
  2 jellies
  3 gnoll shamans
  4 orc priests
  A centaur skeleton (D:6)
  3 iguanas
  6 orc wizards
  A killer bee zombie (D:6)
  5 gnolls
  10 adders
  A shadow imp (D:6)
  14 orcs
  6 ball pythons
  7 endoplasms
  A giant cockroach (D:2)
  7 goblins
  10 hobgoblins
  3 jackals (D:4)
  13 kobolds
  5 quokkas
  3 bats
  2 frilled lizards (D:2)
  2 rats
165 creatures vanquished.

Notes
Turn   | Place    | Note
-------+----------+-------------------------------------------
     0 | D:1      | crazypyro the Ghoul Monk began the quest for the Orb.
     0 | D:1      | Reached XP level 1. HP: 19/19 MP: 0/0
    56 | D:1      | Found a faded altar of an unknown god.
   392 | D:1      | Reached XP level 2. HP: 22/26 MP: 1/1
  1117 | D:2      | Reached XP level 3. HP: 33/33 MP: 2/2
  1205 | D:2      | Reached XP level 4. HP: 40/40 MP: 3/3
  1225 | D:2      | Reached skill level 4 in Unarmed Combat
  1237 | D:2      | Identified the +2 pair of gloves of Omission {Rampage rN+
                  | Int-2}
  1517 | D:3      | Reached XP level 5. HP: 40/46 MP: 4/4
  2211 | D:4      | Noticed an ice beast
  2228 | D:4      | Killed an ice beast
  2229 | D:4      | Reached XP level 6. HP: 27/53 MP: 5/5
  2409 | D:4      | Noticed Grinder
  2433 | D:4      | Paralysed by Grinder for 5 turns
  2445 | D:4      | Killed Grinder
  2446 | D:4      | Reached skill level 5 in Fighting
  2446 | D:4      | Reached skill level 5 in Unarmed Combat
  2446 | D:4      | Reached XP level 7. HP: 14/61 MP: 6/6
  2927 | D:4      | Found a staircase to the Ecumenical Temple.
  3317 | D:5      | Entered Level 5 of the Dungeon
  3330 | D:5      | Reached skill level 6 in Unarmed Combat
  3892 | D:5      | Reached skill level 1 in Armour
  3903 | D:5      | Reached skill level 7 in Unarmed Combat
  4074 | D:5      | Reached XP level 8. HP: 68/68 MP: 7/7
  4263 | D:5      | Noticed a troll
  4274 | D:5      | Killed a troll
  4658 | D:6      | Reached skill level 8 in Unarmed Combat
  4965 | D:6      | Reached skill level 9 in Unarmed Combat
  5428 | D:6      | Reached XP level 9. HP: 74/74 MP: 8/8
  5864 | D:7      | Reached skill level 10 in Unarmed Combat
  6487 | D:7      | Noticed Maggie
  6500 | D:7      | Killed Maggie
  6501 | D:7      | Reached skill level 5 in Armour
  6827 | Temple   | Entered the Ecumenical Temple
  6848 | Temple   | Became a worshipper of Warmaster Okawaru
  6848 | Temple   | Reached * piety under Okawaru
  6848 | Temple   | Reached ** piety under Okawaru
  7338 | D:8      | Reached skill level 11 in Unarmed Combat
  7452 | D:8      | Got the Incunabulum of Spatial Snow
  7495 | D:8      | Reached XP level 10. HP: 69/81 MP: 6/9
  7496 | D:8      | Reached skill level 12 in Unarmed Combat
  7508 | D:8      | Reached *** piety under Okawaru
  8042 | D:8      | Reached skill level 1 in Invocations
  8358 | D:9      | Found a staircase to the Lair.
  8720 | D:9      | Reached **** piety under Okawaru
  8940 | D:9      | Noticed a two-headed ogre
  8947 | D:9      | Killed a two-headed ogre
  8948 | D:9      | Reached skill level 13 in Unarmed Combat
  8948 | D:9      | Reached skill level 5 in Invocations
  8974 | D:9      | Noticed a two-headed ogre
  8979 | D:9      | HP: 3/81 [two-headed ogre (19)]
  8981 | D:9      | Demolished by a two-headed ogre

Illustrated notes

Levels and vault maps discovered:
D:1:      elethiomel_arrival_infinity_welcomes_careful_drivers, layout_basic,
          shapermc_ecumenical_altar_flowoftime
D:2:      layout_rooms
D:3:      layout_loops_ring, roderic_roman_lattice,
          chequers_serial_rivers_small_b, minmay_misc_feat_iff,
          minmay_crystal_room
D:4:      layout_gridville, minmay_temple_entry_sparse_star, uniq_grinder
D:5:      layout_cave_pools, serial_column_ruins, column_ruins_open_small,
          column_ruins_open_tiny, column_ruins_corridor_straight,
          column_ruins_columns_straight, column_ruins_columns_dead_end,
          column_ruins_grid_1
D:6:      layout_cave_pools, minmay_fractal_squares_diagonal_5
D:7:      layout_loops_ring, minmay_stone_trees_small, fountainhead, uniq_maggie
D:8:      layout_rooms
D:9:      lemuel_castle_with_subvaults [lemuel_castle_interior_carwin_3],
          layout_irregular_city, dpeg_oklobed_lair
Temple:   grunt_wide_crystal_templ

Skill      XL: |  1  2  3  4  5  6  7  8  9 10 |
---------------+-------------------------------+-----
Dodging        | 3 4 |  4.3
Stealth        | 3 4 |  4.0
Unarmed Combat | 4 5 7 9 11 13 | 13.1
Fighting       | 4 5 |  5.2
Armour         | 2 4 6 |  6.4
Invocations    | 5 |  5.8

Action                   |  1- 3 |  4- 6 |  7- 9 | 10-12 || total
-------------------------+-------+-------+-------+-------++-------
Melee: Unarmed           |    68 |    98 |   324 |   152 ||   642
       Punch             |     1 |     1 |    19 |     9 ||    30
Invok: Heroism           |       |       |     2 |     3 ||     5
  Use: Scroll            |       |       |     3 |       ||     3
       Potion            |       |       |     6 |       ||     6
 Stab: Sleeping          |     3 |    11 |       |       ||    14
       Distracted        |       |       |       |     2 ||     2
Armor: Robe              |    20 |    24 |       |       ||    44
       Leather armour    |       |     6 |    27 |    57 ||    90
       Scale mail        |       |       |   121 |       ||   121
Dodge: Dodged            |    49 |    41 |   179 |   116 ||   385
